Harfangs vs Inferno
Created - 16 février 2015 at 18:59
Goals
|
Harfangs |
0 |
2 |
1 |
0 |
3 |
Inferno |
2 |
1 |
0 |
1 |
4 |
|
Shots
|
Harfangs |
14 |
9 |
5 |
1 |
29 |
Inferno |
12 |
8 |
7 |
1 |
28 |
|
1st period
1. Inferno , Cal O'Reilly 11 (Travis Hamonic) at 5:09
2. Inferno , Colin Wilson 21 (Stephane Veilleux) at 6:41
Penalties :
Pavel Vorobiev (Anc) for Hooking (Minor) at 14:27
2nd period
3. Inferno , Brian Boyle 16 (Vladimir Zharkov) at 4:55
4. Harfangs , Chris Kreider 36 (James Wisniewski) at 8:09
5. Harfangs , Alex Killorn 23 (Mark Giordano, Alexandre Picard) at 8:19
Penalties :
Chris Kreider (BEA) for Interference (Minor) at 2:39, Drew Shore (BEA) for Interference (Minor) at 16:15
3rd period
6. Harfangs , Alex Killorn 24 (Dustin Jeffrey, Kyle Palmieri) at 3:53 (PP)
Penalties :
Mark Mitera (Anc) for Holding (Minor) at 2:35
Overtime #1
7. Inferno , Brian Boyle 17 (Vladimir Zharkov, Mark Mitera) at 3:57
Penalties :
No Penalty
Goalie Stats
Robin Lehner (BEA), 24 saves from 28 shots - (0,857), OTL, 21-15-5, 63:57 minutes
Josh Harding (Anc), 26 saves from 29 shots - (0,897), W, 28-13-3, 63:57 minutes
Players Stats for Harfangs
Player Name G A P +/- PIM S H SB GA TA FO MP PP MP PK MP
------------------------------------------------------------------------------------
Alex Killorn 2 0 2 -1 0 8 2 0 0 0 4/11 19:05 1:51 0:00
Alexandre Picard 0 1 1 0 0 2 2 1 1 0 0/0 27:40 1:32 2:34
Andrew Orpik 0 0 0 -1 0 0 2 2 0 0 0/0 15:20 0:00 0:00
Brian Lashoff 0 0 0 -1 0 1 0 0 0 1 0/0 15:41 0:00 0:33
Chris Kreider 1 0 1 1 2 2 0 0 0 0 0/0 20:48 1:26 0:55
Corey Cowick 0 0 0 -2 0 0 1 0 0 0 0/0 10:29 0:00 1:31
Craig Smith 0 0 0 -1 0 2 3 0 2 1 2/3 14:01 0:00 1:25
Drew Shore 0 0 0 -1 2 0 1 0 1 0 0/2 8:11 0:00 0:00
Dustin Jeffrey 0 1 1 -1 0 3 3 0 1 0 0/0 19:42 1:51 1:16
James Wisniewski 0 1 1 -1 0 3 5 0 0 0 0/0 22:37 1:45 1:31
Kyle Palmieri 0 1 1 -1 0 2 6 0 0 0 0/1 18:39 1:51 0:00
Mark Giordano 0 1 1 0 0 0 1 0 1 0 0/0 25:48 1:32 2:34
Michal Repik 0 0 0 0 0 1 2 0 0 0 0/0 11:23 0:00 0:00
Petri Kontiola 0 0 0 1 0 1 2 2 0 0 17/34 21:34 1:26 2:20
Roman Wick 0 0 0 -1 0 0 0 0 0 0 0/1 8:05 0:00 0:06
Stefan Ruzicka 0 0 0 1 0 3 0 1 1 0 3/6 20:20 1:26 0:00
Tomas Tatar 0 0 0 0 0 0 4 0 0 0 0/0 12:19 0:00 0:16
Victor Bartley 0 0 0 -1 0 1 2 0 0 0 0/0 20:06 1:45 0:51
Players Stats for Inferno
Player Name G A P +/- PIM S H SB GA TA FO MP PP MP PK MP
------------------------------------------------------------------------------------
Alex Berry 0 0 0 1 0 2 0 0 0 0 0/0 9:15 0:42 0:00
Andrej Sekera 0 0 0 -1 0 1 1 1 0 0 0/0 29:57 1:26 2:40
Brad Marchand 0 0 0 -1 0 2 0 0 0 0 2/3 20:10 2:01 1:40
Brendan Mikkelson 0 0 0 -1 0 1 2 4 0 2 0/0 24:53 2:57 1:32
Brian Boyle 2 0 2 2 0 3 4 0 0 0 5/8 16:14 0:56 1:40
Cal O'Reilly 1 0 1 1 0 2 0 0 0 0 1/3 3:04 0:00 0:14
Colin Wilson 1 0 1 0 0 1 2 1 0 1 14/27 23:06 1:09 0:00
David Savard 0 0 0 1 0 1 0 1 0 2 0/0 19:06 2:04 0:00
David Ullstrom 0 0 0 1 0 1 0 0 0 0 0/0 10:17 0:00 0:00
Jonathan Ferland 0 0 0 0 0 2 0 0 0 1 0/0 23:15 1:09 1:23
Mark Mitera 0 1 1 2 2 0 1 3 0 0 0/0 14:52 0:38 0:37
Matt Kassian 0 0 0 1 0 1 1 0 0 0 0/0 8:27 0:20 0:00
Pavel Vorobiev 0 0 0 -1 2 3 2 0 2 0 0/0 16:10 1:57 0:00
Roman Josi 0 0 0 2 0 0 0 1 0 0 0/0 14:18 0:28 0:00
Stephane Veilleux 0 1 1 1 0 4 0 0 0 1 1/2 21:23 0:50 0:14
Travis Hamonic 0 1 1 1 0 1 0 0 0 0 0/0 24:33 0:33 1:45
Vladimir Sobotka 0 0 0 -1 0 1 1 0 0 0 8/14 18:44 1:57 1:23
Vladimir Zharkov 0 2 2 1 0 2 0 0 0 0 1/1 13:04 0:43 0:00
3 Stars
1 - Brian Boyle (Anc)
2 - Alex Killorn (BEA)
3 - Colin Wilson (Anc)
Power Play
Harfangs - 1 on 2 Attempt(s) - 50,00%
Inferno - 0 on 2 Attempt(s) - 0,00%
Penalty Kill
Harfangs - 2 on 2 Attempt(s) - 100,00%
- Score 0 goal in Penalty Kill
Inferno - 1 on 2 Attempt(s) - 50,00%
- Score 0 goal in Penalty Kill
Team Stat
Harfangs - Hits : 36 - Faceoff Wins : 26 - Blocked Shots : 6 - Penalty Minutes : 4
Inferno - Hits : 14 - Faceoff Wins : 32 - Blocked Shots : 11 - Penalty Minutes : 4
Official
Referees : Morton Dean and Martell Rob
Linesman : Greg Devorski and Andy McElman
Game Notes
Cal O'Reilly is injured at 2:36 of 2nd period (Sprained Right Knee)
Finance
Level 1 -- Attendance: 1421 (71,05%) -- Ticket Income 49 735 $
Level 2 -- Attendance: 729 (72,90%) -- Ticket Income 10 935 $
Total Attendance: 2150 (71,67%)
Total Ticket Income: 60 670 $
Other Income: 3 034 $
Total Income: 63 704 $
Harfangs
5 vs 5 Forward
Center Left Wing Right Wing Time % Phy DF OF
1 Petri Kontiola Chris Kreider Stefan Ruzicka 40 1 2 2
2 Alex Killorn Dustin Jeffrey Kyle Palmieri 30 1 2 2
3 Craig Smith Tomas Tatar Michal Repik 20 1 2 2
4 Drew Shore Corey Cowick Roman Wick 10 1 2 2
5 vs 5 Defense
Defense Defense Time % Phy DF OF
1 Alexandre Picard Mark Giordano 40 1 2 2
2 James Wisniewski Victor Bartley 30 1 2 2
3 Andrew Orpik Brian Lashoff 20 1 2 2
4 Alexandre Picard James Wisniewski 10 1 2 2
PowerPlay Forward
Center Left Wing Right Wing Time % Phy DF OF
1 Petri Kontiola Chris Kreider Stefan Ruzicka 60 1 2 2
2 Alex Killorn Dustin Jeffrey Kyle Palmieri 40 1 2 2
PowerPlay Defense
Defense Defense Time % Phy DF OF
1 Alexandre Picard Mark Giordano 60 1 2 2
2 James Wisniewski Victor Bartley 40 1 2 2
Penalty Kill 4 Players Forward
Center Wing Time % Phy DF OF
1 Petri Kontiola Dustin Jeffrey 60 1 2 2
2 Drew Shore Dustin Jeffrey 40 1 2 2
Penalty Kill 4 Players Defense
Defense Defense Time % Phy DF OF
1 Mark Giordano Alexandre Picard 60 1 2 2
2 James Wisniewski Brian Lashoff 40 1 2 2
Penalty Kill - 3 Players Forward
Forward Time % Phy DF OF
1 Petri Kontiola 60 1 2 2
2 Drew Shore 40 1 2 2
Penalty Kill - 3 Players Defense
Defense Defense Time % Phy DF OF
1 Mark Giordano Alexandre Picard 60 1 2 2
2 James Wisniewski Brian Lashoff 40 1 2 2
4 vs 4 Forward
Center Wing Time % Phy DF OF
1 Stefan Ruzicka Chris Kreider 60 1 2 2
2 Petri Kontiola Alex Killorn 40 1 2 2
4 vs 4 Defense
Defense Defense Time % Phy DF OF
1 Alexandre Picard Mark Giordano 60 1 2 2
2 Victor Bartley James Wisniewski 40 1 2 2
Last Minutes Offensive
Center Left Wing Right Wing Defense Defense
Petri Kontiola Chris Kreider Stefan Ruzicka Alexandre Picard Mark Giordano
Last Minutes Defensive
Center Left Wing Right Wing Defense Defense
Petri Kontiola Chris Kreider Stefan Ruzicka Mark Giordano Alexandre Picard
Goaltenders
Starting : Robin Lehner
Backup : Darcy Kuemper
Extra Forwards
Normal : Stefan Ruzicka, Chris Kreider, Petri Kontiola - PP : Stefan Ruzicka, Petri Kontiola - PK : Petri Kontiola
Extra Defensemen
Normal : Brian Lashoff, James Wisniewski, Alexandre Picard - PP : Victor Bartley - PK : Brian Lashoff, Alexandre Picard
Penalty Shots
Petri Kontiola, Craig Smith, Stefan Ruzicka, James Wisniewski, Tomas Tatar
Inferno
5 vs 5 Forward
Center Left Wing Right Wing Time % Phy DF OF
1 Colin Wilson Stephane Veilleux Jonathan Ferland 40 1 2 2
2 Vladimir Sobotka Brad Marchand Pavel Vorobiev 30 1 2 2
3 Brian Boyle David Ullstrom Vladimir Zharkov 20 1 2 2
4 Cal O'Reilly Matt Kassian Alex Berry 10 1 2 2
5 vs 5 Defense
Defense Defense Time % Phy DF OF
1 Andrej Sekera Brendan Mikkelson 40 1 2 2
2 David Savard Travis Hamonic 30 1 2 2
3 Roman Josi Mark Mitera 20 1 2 2
4 Andrej Sekera Travis Hamonic 10 1 2 2
PowerPlay Forward
Center Left Wing Right Wing Time % Phy DF OF
1 Colin Wilson Brad Marchand Jonathan Ferland 60 1 2 2
2 Vladimir Sobotka Stephane Veilleux Pavel Vorobiev 40 1 2 2
PowerPlay Defense
Defense Defense Time % Phy DF OF
1 Andrej Sekera Brendan Mikkelson 60 1 2 2
2 David Savard Travis Hamonic 40 1 2 2
Penalty Kill 4 Players Forward
Center Wing Time % Phy DF OF
1 Brian Boyle Brad Marchand 60 1 2 2
2 Vladimir Sobotka Jonathan Ferland 40 1 2 2
Penalty Kill 4 Players Defense
Defense Defense Time % Phy DF OF
1 Andrej Sekera Travis Hamonic 60 1 2 2
2 Brendan Mikkelson Mark Mitera 40 1 2 2
Penalty Kill - 3 Players Forward
Forward Time % Phy DF OF
1 Stephane Veilleux 60 1 2 2
2 Brad Marchand 40 1 2 2
Penalty Kill - 3 Players Defense
Defense Defense Time % Phy DF OF
1 Andrej Sekera Travis Hamonic 60 1 2 2
2 Brendan Mikkelson Mark Mitera 40 1 2 2
4 vs 4 Forward
Center Wing Time % Phy DF OF
1 Colin Wilson Brad Marchand 60 1 2 2
2 Vladimir Sobotka Jonathan Ferland 40 1 2 2
4 vs 4 Defense
Defense Defense Time % Phy DF OF
1 Andrej Sekera Brendan Mikkelson 60 1 2 2
2 David Savard Travis Hamonic 40 1 2 2
Last Minutes Offensive
Center Left Wing Right Wing Defense Defense
Colin Wilson Stephane Veilleux Jonathan Ferland Andrej Sekera Travis Hamonic
Last Minutes Defensive
Center Left Wing Right Wing Defense Defense
Colin Wilson Stephane Veilleux Jonathan Ferland Andrej Sekera Travis Hamonic
Goaltenders
Starting : Josh Harding
Backup : Jonathan Boutin
Extra Forwards
Normal : Brian Boyle, Vladimir Zharkov, Cal O'Reilly - PP : Brian Boyle, Vladimir Zharkov - PK : Cal O'Reilly
Extra Defensemen
Normal : Brendan Mikkelson, David Savard, Mark Mitera - PP : Brendan Mikkelson - PK : Brendan Mikkelson, Mark Mitera
Penalty Shots
Stephane Veilleux, Brad Marchand, Colin Wilson, Jonathan Ferland, Pavel Vorobiev
% Time on Ice - Harfangs
Lines # - Real PCT - Wanted PCT - Time Play
Normal Forward
1 - 33% - 40% - 17:30
2 - 31% - 30% - 16:35
3 - 22% - 20% - 11:23
4 - 14% - 10% - 7:17
Normal Defense
1 - 38% - 40% - 20:06
2 - 30% - 30% - 15:45
3 - 28% - 20% - 14:46
4 - 4% - 10% - 2:08
PP Forward
1 - 44% - 60% - 1:26
2 - 56% - 40% - 1:51
PP Defense
1 - 47% - 60% - 1:32
2 - 53% - 40% - 1:45
PK Forward
1 - 95% - 60% - 3:46
2 - 5% - 40% - 0:12
PK Defense
1 - 86% - 60% - 3:25
2 - 14% - 40% - 0:33
PK3 Forward
1 - 0% - 60%
2 - 0% - 40%
PK3 Defense
1 - 0% - 60%
2 - 0% - 40%
44 Forward
1 - 84% - 60% - 3:18
2 - 16% - 40% - 0:39
44 Defense
1 - 64% - 60% - 2:31
2 - 36% - 40% - 1:26
Last Minute Offensive - 0:00
Last Minute Defensive - 0:00
Total
Forward - 63:57
Defense - 63:57
|
% Time on Ice - Inferno
Lines # - Real PCT - Wanted PCT - Time Play
Normal Forward
1 - 38% - 40% - 20:10
2 - 26% - 30% - 13:58
3 - 19% - 20% - 9:58
4 - 16% - 10% - 8:39
Normal Defense
1 - 35% - 40% - 18:43
2 - 29% - 30% - 15:24
3 - 25% - 20% - 13:17
4 - 10% - 10% - 5:21
PP Forward
1 - 29% - 60% - 1:09
2 - 71% - 40% - 2:49
PP Defense
1 - 86% - 60% - 3:25
2 - 14% - 40% - 0:33
PK Forward
1 - 58% - 60% - 1:54
2 - 42% - 40% - 1:23
PK Defense
1 - 53% - 60% - 1:45
2 - 47% - 40% - 1:32
PK3 Forward
1 - 0% - 60%
2 - 0% - 40%
PK3 Defense
1 - 0% - 60%
2 - 0% - 40%
44 Forward
1 - 78% - 60% - 3:05
2 - 22% - 40% - 0:52
44 Defense
1 - 66% - 60% - 2:37
2 - 34% - 40% - 1:20
Last Minute Offensive - 0:00
Last Minute Defensive - 0:00
Total
Forward - 63:57
Defense - 63:57
|
Play by Play
1st period
0:01 of 1st period - Petri Kontiola wins face-off versus Colin Wilson in neutral zone.
0:11 of 1st period - Off-side.
0:12 of 1st period - Vladimir Sobotka wins face-off versus Alex Killorn in neutral zone.
0:47 of 1st period - Slapshot by Michal Repik.
0:47 of 1st period - Stopped by Josh Harding with a rebound.
1:03 of 1st period - Mark Mitera is hit by Andrew Orpik and loses puck.
1:22 of 1st period - Brian Lashoff is hit by Matt Kassian and loses puck.
1:29 of 1st period - Snap shot by Alex Berry.
1:29 of 1st period - Stopped by Robin Lehner with a rebound.
1:44 of 1st period - Slapshot by Pavel Vorobiev.
1:44 of 1st period - Stopped by Robin Lehner with a rebound.
1:46 of 1st period - Slapshot by Mark Mitera.
1:46 of 1st period - Shot Misses the Net.
2:10 of 1st period - Wrist shot by Alex Killorn.
2:10 of 1st period - Stopped by Josh Harding without a rebound.
2:11 of 1st period - Colin Wilson wins face-off versus Roman Wick in Inferno zone.
2:24 of 1st period - Wrist shot by Alexandre Picard.
2:24 of 1st period - Stopped by Josh Harding with a rebound.
2:26 of 1st period - Wrist shot by Corey Cowick.
2:26 of 1st period - Shot Misses the Net.
2:36 of 1st period - Alexandre Picard is hit by Pavel Vorobiev and loses puck.
3:01 of 1st period - Slapshot by James Wisniewski.
3:01 of 1st period - Shot Blocked by Mark Mitera.
3:29 of 1st period - Wrist shot by Stephane Veilleux.
3:29 of 1st period - Stopped by Robin Lehner with a rebound.
3:51 of 1st period - Andrej Sekera is hit by Tomas Tatar and loses puck.
4:06 of 1st period - Snap shot by Petri Kontiola.
4:06 of 1st period - Shot Misses the Net.
4:08 of 1st period - Slapshot by Andrew Orpik.
4:08 of 1st period - Shot Misses the Net.
4:10 of 1st period - Slapshot by James Wisniewski.
4:10 of 1st period - Stopped by Josh Harding with a rebound.
4:31 of 1st period - Brendan Mikkelson is hit by Dustin Jeffrey.
4:49 of 1st period - Slapshot by Brian Boyle.
4:49 of 1st period - Shot Blocked by Andrew Orpik.
4:51 of 1st period - Backhand shot by Vladimir Zharkov.
4:51 of 1st period - Stopped by Robin Lehner with a rebound.
4:53 of 1st period - Backhand shot by David Ullstrom.
4:53 of 1st period - Stopped by Robin Lehner with a rebound.
5:09 of 1st period - Slapshot by Cal O'Reilly.
5:09 of 1st period - Goal by Cal O'Reilly - Harfangs : 0 - Inferno : 1.
5:10 of 1st period - Petri Kontiola wins face-off versus Vladimir Sobotka in neutral zone.
5:46 of 1st period - Travis Hamonic is hit by James Wisniewski and loses puck.
6:22 of 1st period - Wrist shot by Stefan Ruzicka.
6:22 of 1st period - Shot Blocked by Mark Mitera.
6:24 of 1st period - Snap shot by Mark Giordano.
6:24 of 1st period - Shot Misses the Net.
6:26 of 1st period - Wrist shot by Petri Kontiola.
6:26 of 1st period - Stopped by Josh Harding without a rebound.
6:27 of 1st period - Colin Wilson wins face-off versus Alex Killorn in Inferno zone.
6:27 of 1st period - Colin Wilson is hit by Victor Bartley.
6:41 of 1st period - Wrist shot by Colin Wilson.
6:41 of 1st period - Goal by Colin Wilson - Harfangs : 0 - Inferno : 2.
6:42 of 1st period - Petri Kontiola wins face-off versus Colin Wilson in neutral zone.
6:45 of 1st period - Wrist shot by Stefan Ruzicka.
6:45 of 1st period - Stopped by Josh Harding with a rebound.
7:27 of 1st period - Snap shot by Vladimir Zharkov.
7:27 of 1st period - Stopped by Robin Lehner without a rebound.
7:28 of 1st period - Brian Boyle wins face-off versus Drew Shore in Harfangs zone.
7:31 of 1st period - Snap shot by Brian Boyle.
7:31 of 1st period - Stopped by Robin Lehner with a rebound.
7:33 of 1st period - Slapshot by Mark Mitera.
7:33 of 1st period - Deflect By Brian Boyle.
7:33 of 1st period - Shot Misses the Net.
7:33 of 1st period - Puck is out of play.
7:34 of 1st period - Colin Wilson wins face-off versus Petri Kontiola in Harfangs zone.
8:01 of 1st period - Alex Killorn is hit by Vladimir Sobotka and loses puck.
8:50 of 1st period - Backhand shot by Alex Berry.
8:50 of 1st period - Stopped by Robin Lehner with a rebound.
8:54 of 1st period - Snap shot by Cal O'Reilly.
8:54 of 1st period - Shot Misses the Net.
9:12 of 1st period - Off-side.
9:13 of 1st period - Vladimir Sobotka wins face-off versus Petri Kontiola in neutral zone.
9:15 of 1st period - Off-side.
9:16 of 1st period - Petri Kontiola wins face-off versus Brad Marchand in neutral zone.
9:18 of 1st period - Off-side.
9:19 of 1st period - Vladimir Sobotka wins face-off versus Petri Kontiola in neutral zone.
9:51 of 1st period - Off-side.
9:52 of 1st period - Colin Wilson wins face-off versus Alex Killorn in neutral zone.
9:59 of 1st period - Snap shot by Alex Killorn.
9:59 of 1st period - Deflect By Dustin Jeffrey.
9:59 of 1st period - Stopped by Josh Harding with a rebound.
10:01 of 1st period - Snap shot by Dustin Jeffrey.
10:01 of 1st period - Shot Blocked by David Savard.
10:03 of 1st period - Wrist shot by Kyle Palmieri.
10:03 of 1st period - Stopped by Josh Harding without a rebound.
10:04 of 1st period - Colin Wilson wins face-off versus Petri Kontiola in Inferno zone.
10:04 of 1st period - Colin Wilson is hit by Alexandre Picard.
10:47 of 1st period - Icing by James Wisniewski.
10:48 of 1st period - Craig Smith wins face-off versus Colin Wilson in Harfangs zone.
10:48 of 1st period - Craig Smith is hit by Mark Mitera.
11:14 of 1st period - Alexandre Picard is hit by Pavel Vorobiev and loses puck.
11:23 of 1st period - Snap shot by Stefan Ruzicka.
11:23 of 1st period - Shot Misses the Net.
11:30 of 1st period - Icing by Roman Josi.
11:31 of 1st period - Alex Killorn wins face-off versus Brian Boyle in Inferno zone.
11:32 of 1st period - Snap shot by Kyle Palmieri.
11:32 of 1st period - Shot Blocked by Mark Mitera.
11:34 of 1st period - Wrist shot by Dustin Jeffrey.
11:34 of 1st period - Stopped by Josh Harding without a rebound.
11:35 of 1st period - Brian Boyle wins face-off versus Alex Killorn in Inferno zone.
12:04 of 1st period - Wrist shot by Alex Killorn.
12:04 of 1st period - Shot Misses the Net.
12:06 of 1st period - Slapshot by Mark Giordano.
12:06 of 1st period - Deflect By Alex Killorn.
12:06 of 1st period - Stopped by Josh Harding with a rebound.
12:10 of 1st period - Snap shot by Alex Killorn.
12:10 of 1st period - Stopped by Josh Harding with a rebound.
12:12 of 1st period - Wrist shot by Alex Killorn.
12:12 of 1st period - Stopped by Josh Harding without a rebound.
12:13 of 1st period - Petri Kontiola wins face-off versus Colin Wilson in Inferno zone.
12:16 of 1st period - Snap shot by Petri Kontiola.
12:16 of 1st period - Shot Misses the Net.
12:18 of 1st period - Slapshot by Victor Bartley.
12:18 of 1st period - Stopped by Josh Harding without a rebound.
12:19 of 1st period - Colin Wilson wins face-off versus Petri Kontiola in Inferno zone.
13:50 of 1st period - Mark Giordano is hit by Colin Wilson and loses puck.
14:27 of 1st period - Minor Penalty to Pavel Vorobiev for Hooking.
14:28 of 1st period - Petri Kontiola wins face-off versus Brian Boyle in Inferno zone.
15:11 of 1st period - Slapshot by Chris Kreider.
15:11 of 1st period - Shot Blocked by Brendan Mikkelson.
15:55 of 1st period - Slapshot by Andrej Sekera.
15:55 of 1st period - Stopped by Robin Lehner without a rebound.
15:56 of 1st period - Alex Killorn wins face-off versus Brian Boyle in Harfangs zone.
16:27 of 1st period - Penalty to Pavel Vorobiev is over, Pavel Vorobiev is back on ice.
16:49 of 1st period - Wrist shot by Cal O'Reilly.
16:49 of 1st period - Shot Misses the Net.
17:05 of 1st period - Off-side.
17:06 of 1st period - Colin Wilson wins face-off versus Petri Kontiola in neutral zone.
17:39 of 1st period - Off-side.
17:40 of 1st period - Petri Kontiola wins face-off versus Vladimir Sobotka in neutral zone.
18:48 of 1st period - Slapshot by James Wisniewski.
18:48 of 1st period - Stopped by Josh Harding without a rebound.
18:49 of 1st period - Petri Kontiola wins face-off versus Cal O'Reilly in Inferno zone.
19:02 of 1st period - Snap shot by Stefan Ruzicka.
19:02 of 1st period - Deflect By Chris Kreider.
19:02 of 1st period - Shot Blocked by Brendan Mikkelson.
19:02 of 1st period - Puck is out of play.
19:03 of 1st period - Colin Wilson wins face-off versus Petri Kontiola in Inferno zone.
19:08 of 1st period - Wrist shot by Stephane Veilleux.
19:08 of 1st period - Stopped by Robin Lehner with a rebound.
19:30 of 1st period - Brendan Mikkelson is hit by Alex Killorn and loses puck.
Goals for this period are 0 for Harfangs vs 2 for Inferno.
Shots for this period are 14 for Harfangs vs 12 for Inferno.
2nd period
0:01 of 2nd period - Colin Wilson wins face-off versus Petri Kontiola in neutral zone.
0:04 of 2nd period - Wrist shot by Jonathan Ferland.
0:04 of 2nd period - Shot Blocked by Petri Kontiola.
0:50 of 2nd period - Snap shot by Cal O'Reilly.
0:50 of 2nd period - Shot Misses the Net.
0:52 of 2nd period - Slapshot by Travis Hamonic.
0:52 of 2nd period - Stopped by Robin Lehner without a rebound.
0:53 of 2nd period - Petri Kontiola wins face-off versus Cal O'Reilly in Harfangs zone.
1:00 of 2nd period - Slapshot by James Wisniewski.
1:00 of 2nd period - Stopped by Josh Harding without a rebound.
1:01 of 2nd period - Colin Wilson wins face-off versus Petri Kontiola in Inferno zone.
1:08 of 2nd period - Wrist shot by Stephane Veilleux.
1:08 of 2nd period - Stopped by Robin Lehner without a rebound.
1:09 of 2nd period - Colin Wilson wins face-off versus Petri Kontiola in Harfangs zone.
1:34 of 2nd period - David Savard is hit by James Wisniewski and loses puck.
2:03 of 2nd period - Travis Hamonic is hit by Alex Killorn and loses puck.
2:34 of 2nd period - Slapshot by Cal O'Reilly.
2:34 of 2nd period - Stopped by Robin Lehner without a rebound.
2:35 of 2nd period - Cal O'Reilly wins face-off versus Petri Kontiola in Harfangs zone.
2:35 of 2nd period - Cal O'Reilly is hit by Petri Kontiola.
2:36 of 2nd period - Cal O'Reilly from Inferno is injured at 2:36 of 2nd period (Sprained Right Knee).
2:37 of 2nd period - Petri Kontiola wins face-off versus Colin Wilson in Harfangs zone.
2:39 of 2nd period - Minor Penalty to Chris Kreider for Interference.
2:40 of 2nd period - Petri Kontiola wins face-off versus Colin Wilson in Harfangs zone.
2:42 of 2nd period - Snap shot by Brad Marchand.
2:42 of 2nd period - Stopped by Robin Lehner with a rebound.
2:44 of 2nd period - Wrist shot by Jonathan Ferland.
2:44 of 2nd period - Stopped by Robin Lehner with a rebound.
2:46 of 2nd period - Wrist shot by Brad Marchand.
2:46 of 2nd period - Shot Misses the Net.
2:48 of 2nd period - Wrist shot by Jonathan Ferland.
2:48 of 2nd period - Shot Blocked by Petri Kontiola.
2:54 of 2nd period - Slapshot by Brad Marchand.
2:54 of 2nd period - Shot Misses the Net.
2:56 of 2nd period - Slapshot by Colin Wilson.
2:56 of 2nd period - Deflect By Brad Marchand.
2:56 of 2nd period - Shot Misses the Net.
2:56 of 2nd period - Puck is out of play.
2:57 of 2nd period - Petri Kontiola wins face-off versus Vladimir Sobotka in Harfangs zone.
3:30 of 2nd period - Off-side.
3:31 of 2nd period - Brad Marchand wins face-off versus Craig Smith in neutral zone.
4:22 of 2nd period - Brad Marchand is hit by James Wisniewski and loses puck.
4:39 of 2nd period - Penalty to Chris Kreider is over, Chris Kreider is back on ice.
4:51 of 2nd period - Snap shot by Vladimir Zharkov.
4:51 of 2nd period - Deflect By David Ullstrom.
4:51 of 2nd period - Shot Misses the Net.
4:51 of 2nd period - Puck is out of play.
4:52 of 2nd period - Brian Boyle wins face-off versus Alex Killorn in Harfangs zone.
4:55 of 2nd period - Wrist shot by Brian Boyle.
4:55 of 2nd period - Goal by Brian Boyle - Harfangs : 0 - Inferno : 3.
4:56 of 2nd period - Petri Kontiola wins face-off versus Colin Wilson in neutral zone.
5:01 of 2nd period - Stefan Ruzicka is hit by Colin Wilson and loses puck.
5:45 of 2nd period - Travis Hamonic is hit by Craig Smith and loses puck.
6:14 of 2nd period - Slapshot by Alexandre Picard.
6:14 of 2nd period - Shot Misses the Net.
7:10 of 2nd period - Snap shot by Craig Smith.
7:10 of 2nd period - Stopped by Josh Harding without a rebound.
7:11 of 2nd period - Petri Kontiola wins face-off versus Vladimir Sobotka in Inferno zone.
7:22 of 2nd period - Snap shot by Stefan Ruzicka.
7:22 of 2nd period - Stopped by Josh Harding without a rebound.
7:23 of 2nd period - Petri Kontiola wins face-off versus Colin Wilson in Inferno zone.
7:48 of 2nd period - Stefan Ruzicka is hit by Brian Boyle and loses puck.
8:09 of 2nd period - Slapshot by Chris Kreider.
8:09 of 2nd period - Goal by Chris Kreider - Harfangs : 1 - Inferno : 3.
8:10 of 2nd period - Alex Killorn wins face-off versus Colin Wilson in neutral zone.
8:19 of 2nd period - Snap shot by Alex Killorn.
8:19 of 2nd period - Goal by Alex Killorn - Harfangs : 2 - Inferno : 3.
8:20 of 2nd period - Petri Kontiola wins face-off versus Stephane Veilleux in neutral zone.
8:52 of 2nd period - Snap shot by Alexandre Picard.
8:52 of 2nd period - Stopped by Josh Harding without a rebound.
8:53 of 2nd period - Alex Killorn wins face-off versus Colin Wilson in Inferno zone.
9:06 of 2nd period - Slapshot by Stephane Veilleux.
9:06 of 2nd period - Stopped by Robin Lehner with a rebound.
9:18 of 2nd period - David Savard is hit by Petri Kontiola and loses puck.
9:59 of 2nd period - David Ullstrom is hit by Alexandre Picard.
10:15 of 2nd period - Alexandre Picard is hit by Brendan Mikkelson and loses puck.
10:38 of 2nd period - Alexandre Picard is hit by Brian Boyle and loses puck.
10:53 of 2nd period - Wrist shot by Chris Kreider.
10:53 of 2nd period - Deflect By Petri Kontiola.
10:53 of 2nd period - Shot Misses the Net.
10:53 of 2nd period - Puck is out of play.
10:54 of 2nd period - Stefan Ruzicka wins face-off versus Colin Wilson in Inferno zone.
11:26 of 2nd period - Snap shot by Pavel Vorobiev.
11:26 of 2nd period - Stopped by Robin Lehner without a rebound.
11:27 of 2nd period - Stephane Veilleux wins face-off versus Alex Killorn in Harfangs zone.
11:32 of 2nd period - Snap shot by Colin Wilson.
11:32 of 2nd period - Deflect By Stephane Veilleux.
11:32 of 2nd period - Shot Misses the Net.
11:32 of 2nd period - Puck is out of play.
11:33 of 2nd period - Colin Wilson wins face-off versus Kyle Palmieri in Harfangs zone.
12:49 of 2nd period - Andrej Sekera is hit by Dustin Jeffrey and loses puck.
15:13 of 2nd period - Wrist shot by Dustin Jeffrey.
15:13 of 2nd period - Stopped by Josh Harding with a rebound.
15:15 of 2nd period - Slapshot by Brian Lashoff.
15:15 of 2nd period - Deflect By Colin Wilson.
15:15 of 2nd period - Stopped by Josh Harding with a rebound.
15:17 of 2nd period - Snap shot by Kyle Palmieri.
15:17 of 2nd period - Deflect By Alex Killorn.
15:17 of 2nd period - Stopped by Josh Harding without a rebound.
15:18 of 2nd period - Petri Kontiola wins face-off versus Vladimir Sobotka in Inferno zone.
16:03 of 2nd period - Off-side.
16:04 of 2nd period - Brian Boyle wins face-off versus Drew Shore in neutral zone.
16:07 of 2nd period - Alexandre Picard is hit by Brian Boyle and loses puck.
16:15 of 2nd period - Minor Penalty to Drew Shore for Interference.
16:16 of 2nd period - Vladimir Sobotka wins face-off versus Petri Kontiola in Harfangs zone.
17:08 of 2nd period - Corey Cowick is hit by Brendan Mikkelson and loses puck.
18:15 of 2nd period - Penalty to Drew Shore is over, Drew Shore is back on ice.
19:57 of 2nd period - Tomas Tatar is hit by Brian Boyle and loses puck.
Goals for this period are 2 for Harfangs vs 1 for Inferno.
Shots for this period are 9 for Harfangs vs 8 for Inferno.
3rd period
0:01 of 3rd period - Vladimir Sobotka wins face-off versus Petri Kontiola in neutral zone.
0:06 of 3rd period - Slapshot by Pavel Vorobiev.
0:06 of 3rd period - Shot Blocked by Stefan Ruzicka.
0:08 of 3rd period - Slapshot by Brendan Mikkelson.
0:08 of 3rd period - Stopped by Robin Lehner without a rebound.
0:09 of 3rd period - Vladimir Sobotka wins face-off versus Petri Kontiola in Harfangs zone.
0:12 of 3rd period - Snap shot by Pavel Vorobiev.
0:12 of 3rd period - Stopped by Robin Lehner with a rebound.
0:14 of 3rd period - Snap shot by Vladimir Sobotka.
0:14 of 3rd period - Stopped by Robin Lehner without a rebound.
0:15 of 3rd period - Vladimir Sobotka wins face-off versus Petri Kontiola in Harfangs zone.
1:21 of 3rd period - Snap shot by Alex Berry.
1:21 of 3rd period - Shot Blocked by Alexandre Picard.
1:23 of 3rd period - Slapshot by David Savard.
1:23 of 3rd period - Stopped by Robin Lehner with a rebound.
2:35 of 3rd period - Minor Penalty to Mark Mitera for Holding.
2:36 of 3rd period - Brad Marchand wins face-off versus Petri Kontiola in Inferno zone.
2:48 of 3rd period - Wrist shot by Brad Marchand.
2:48 of 3rd period - Stopped by Robin Lehner with a rebound.
3:22 of 3rd period - Kyle Palmieri is hit by Andrej Sekera and loses puck.
3:33 of 3rd period - Slapshot by Kyle Palmieri.
3:33 of 3rd period - Shot Blocked by Brendan Mikkelson.
3:35 of 3rd period - Slapshot by Alex Killorn.
3:35 of 3rd period - Stopped by Josh Harding with a rebound.
3:53 of 3rd period - Slapshot by Alex Killorn.
3:53 of 3rd period - Goal by Alex Killorn - Harfangs : 3 - Inferno : 3.
3:54 of 3rd period - Brian Boyle wins face-off versus Stefan Ruzicka in neutral zone.
4:25 of 3rd period - Snap shot by Jonathan Ferland.
4:25 of 3rd period - Stopped by Robin Lehner with a rebound.
4:43 of 3rd period - Wrist shot by Craig Smith.
4:43 of 3rd period - Shot Misses the Net.
4:45 of 3rd period - Slapshot by Craig Smith.
4:45 of 3rd period - Deflect By Tomas Tatar.
4:45 of 3rd period - Shot Misses the Net.
4:45 of 3rd period - Puck is out of play.
4:46 of 3rd period - Craig Smith wins face-off versus Vladimir Sobotka in Inferno zone.
5:11 of 3rd period - Brendan Mikkelson is hit by Kyle Palmieri and loses puck.
5:20 of 3rd period - Jonathan Ferland is hit by Dustin Jeffrey.
5:36 of 3rd period - Snap shot by Andrej Sekera.
5:36 of 3rd period - Shot Misses the Net.
5:40 of 3rd period - Snap shot by Brian Boyle.
5:40 of 3rd period - Shot Misses the Net.
5:42 of 3rd period - Slapshot by Matt Kassian.
5:42 of 3rd period - Stopped by Robin Lehner with a rebound.
5:54 of 3rd period - Wrist shot by Vladimir Sobotka.
5:54 of 3rd period - Shot Misses the Net.
5:56 of 3rd period - Slapshot by Travis Hamonic.
5:56 of 3rd period - Shot Blocked by Andrew Orpik.
6:52 of 3rd period - Wrist shot by Chris Kreider.
6:52 of 3rd period - Shot Blocked by Roman Josi.
7:04 of 3rd period - Mark Mitera is hit by Michal Repik and loses puck.
7:31 of 3rd period - Roman Josi is hit by James Wisniewski and loses puck.
7:38 of 3rd period - Pavel Vorobiev is hit by James Wisniewski and loses puck.
8:01 of 3rd period - Jonathan Ferland is hit by Mark Giordano and loses puck.
8:22 of 3rd period - Slapshot by Stefan Ruzicka.
8:22 of 3rd period - Stopped by Josh Harding with a rebound.
8:34 of 3rd period - Brad Marchand is hit by Craig Smith and loses puck.
9:17 of 3rd period - David Savard is hit by Kyle Palmieri and loses puck.
9:55 of 3rd period - Mark Mitera is hit by Craig Smith.
10:29 of 3rd period - Travis Hamonic is hit by Corey Cowick and loses puck.
10:44 of 3rd period - Vladimir Sobotka is hit by Tomas Tatar and loses puck.
11:17 of 3rd period - Pavel Vorobiev is hit by Kyle Palmieri and loses puck.
11:26 of 3rd period - Pavel Vorobiev is hit by Kyle Palmieri and loses puck.
11:45 of 3rd period - Matt Kassian is hit by Victor Bartley and loses puck.
12:15 of 3rd period - Travis Hamonic is hit by Andrew Orpik and loses puck.
13:38 of 3rd period - Snap shot by Chris Kreider.
13:38 of 3rd period - Shot Blocked by Andrej Sekera.
14:16 of 3rd period - Roman Josi is hit by Drew Shore.
14:26 of 3rd period - Stephane Veilleux is hit by Michal Repik and loses puck.
14:49 of 3rd period - Wrist shot by Alex Killorn.
14:49 of 3rd period - Deflect By Stephane Veilleux.
14:49 of 3rd period - Shot Misses the Net.
14:49 of 3rd period - Puck is out of play.
14:50 of 3rd period - Vladimir Zharkov wins face-off versus Alex Killorn in Inferno zone.
15:01 of 3rd period - David Ullstrom is hit by Kyle Palmieri and loses puck.
15:08 of 3rd period - Brendan Mikkelson is hit by Kyle Palmieri and loses puck.
15:29 of 3rd period - Wrist shot by Alex Killorn.
15:29 of 3rd period - Deflect By Kyle Palmieri.
15:29 of 3rd period - Stopped by Josh Harding without a rebound.
15:30 of 3rd period - Vladimir Sobotka wins face-off versus Petri Kontiola in Inferno zone.
15:43 of 3rd period - Slapshot by Mark Giordano.
15:43 of 3rd period - Shot Misses the Net.
15:45 of 3rd period - Slapshot by Chris Kreider.
15:45 of 3rd period - Shot Blocked by Brendan Mikkelson.
15:55 of 3rd period - Andrej Sekera is hit by Tomas Tatar and loses puck.
16:02 of 3rd period - Wrist shot by Craig Smith.
16:02 of 3rd period - Stopped by Josh Harding with a rebound.
16:04 of 3rd period - Slapshot by Mark Giordano.
16:04 of 3rd period - Shot Blocked by Colin Wilson.
Goals for this period are 1 for Harfangs vs 0 for Inferno.
Shots for this period are 5 for Harfangs vs 7 for Inferno.
Overtime #1
0:01 of 1st overtime period - Colin Wilson wins face-off versus Stefan Ruzicka in neutral zone.
0:10 of 1st overtime period - Wrist shot by Colin Wilson.
0:10 of 1st overtime period - Shot Misses the Net.
0:23 of 1st overtime period - Icing by Brendan Mikkelson.
0:24 of 1st overtime period - Stefan Ruzicka wins face-off versus Colin Wilson in Inferno zone.
0:25 of 1st overtime period - Wrist shot by Chris Kreider.
0:25 of 1st overtime period - Stopped by Josh Harding without a rebound.
0:26 of 1st overtime period - Colin Wilson wins face-off versus Stefan Ruzicka in Inferno zone.
0:32 of 1st overtime period - Off-side.
0:33 of 1st overtime period - Stefan Ruzicka wins face-off versus Colin Wilson in neutral zone.
2:52 of 1st overtime period - Brendan Mikkelson is hit by Tomas Tatar and loses puck.
3:57 of 1st overtime period - Slapshot by Brian Boyle.
3:57 of 1st overtime period - Goal by Brian Boyle - Harfangs : 3 - Inferno : 4.
Goals for this period are 0 for Harfangs vs 1 for Inferno.
Shots for this period are 1 for Harfangs vs 1 for Inferno.
Output by the SimonT Hockey Simulator (STHS) for François Prévost -- Original Page W3C XHTML 1.0 Valid